 Dungeon Crawl Stone Soup version 0.19.0-19-g8c6edcc (webtiles) character file.

726 kosy22 the Grave Robber (level 7, -1/76 HPs)
             Began as a Vampire Necromancer on Nov 13, 2016.
             Was an Initiate of Sif Muna.
             Slain by a gnoll
             ... wielding a +0 club
              (2 damage)
             ... on level 4 of the Dungeon.
             The game lasted 00:20:32 (4209 turns).

kosy22 the Grave Robber (Vampire Necromancer)       Turns: 4209, Time: 00:20:33

Health: -1/76      AC: 23    Str:  7    XL:     7   Next: 44%
Magic:  11/11      EV:  2    Int: 19    God:    Sif Muna [......]
Gold:   192        SH:  0    Dex: 15    Spells: 4 memorised, 3 levels left

rFire  . . .     SeeInvis +     t - +3 scythe (venom)
rCold  . . .     Gourm    .     (armour currently unavailable)
rNeg   + + +     Faith    .     (shield currently unavailable)
rPois  +         Spirit   .     (helmet currently unavailable)
rElec  .         Reflect  .     (cloak currently unavailable)
rCorr  .         Harm     .     (gloves currently unavailable)
MR     .....     NoTele   +     (boots currently unavailable)
Stlth  +++.......               (no amulet)
                                i - ring of positive energy
                                o - +2 ring of evasion

@: lethally poisoned (-1 -> -8), tree-form
A: (fangs 0), see invisible, (unbreathing)
a: Bat Form, Renounce Religion


You were on level 4 of the Dungeon.
You worshipped Sif Muna.
Sif Muna was noncommittal.
You were not thirsty.
You were a tree.
You visited 1 branch of the dungeon, and saw 4 of its levels.

You collected 192 gold pieces.

Inventory:

Hand Weapons
 f - a +1 whip of venom
 r - a +0 blowgun
 t - a +3 scythe of venom (weapon)
Missiles
 s - 32 poisoned needles
Armour
 a - a +0 robe (melded)
 m - a +0 helmet (melded)
 v - a +0 pair of boots (melded)
 w - a +0 pair of gloves (melded)
Rods
 C - a +0 rod of ignition (11/11)
   (You found it on level 4 of the Dungeon)
Jewellery
 d - an uncursed ring of protection from magic
 i - a ring of positive energy (right branch)
 o - a +2 ring of evasion (left branch)
 u - an uncursed ring of poison resistance
 x - an uncursed ring of see invisible
Wands
 q - a wand of polymorph (10/24)
Scrolls
 h - a scroll of noise {unknown}
 j - 2 scrolls of enchant weapon {unknown}
 l - a scroll of amnesia {unknown}
 n - a scroll of teleportation
 p - a scroll of identify
 y - a scroll of magic mapping {unknown}
 z - a scroll of remove curse {unknown}
 A - a scroll of fog {unknown}
Potions
 c - 3 potions of blood
 g - 2 potions of ambrosia
 k - a potion of might {unknown}
 B - a potion of flight {unknown}
Books
 b - a book of Necromancy

   Spells                             Type                      Level
   a - Pain                           Necromancy                   1
   b - Animate Skeleton               Necromancy                   1
   c - Vampiric Draining              Necromancy                   3
   d - Regeneration                   Charms/Necromancy            3
   e - Animate Dead                   Necromancy                   4
   f - Control Undead                 Necromancy                   4


   Skills:
 + Level 2.5 Fighting
 + Level 1.5 Maces & Flails
 + Level 3.2 Polearms
 + Level 0.4 Throwing
 + Level 4.6 Dodging
 + Level 4.7 Stealth
 + Level 0.2 Unarmed Combat
 + Level 2.9 Spellcasting
 + Level 5.6 Necromancy


You had 3 spell levels left.
You knew the following spells:

 Your Spells              Type           Power        Failure   Level  Hunger
a - Pain                  Necr           ###.         1%          1    None
b - Animate Skeleton      Necr           N/A          1%          1    None
c - Vampiric Draining     Necr           ###.......   6%          3    ###....
d - Regeneration          Chrm/Necr      ##........   14%         3    ###....


Dungeon Overview and Level Annotations

Branches:
Dungeon (4/15)
 Temple: D:4-7

Altars:
Elyvilon
Fedhas
Sif Muna


Innate Abilities, Weirdness & Mutations

((You have razor-sharp teeth.))
You have supernaturally acute eyesight. (SInv)
((You can survive without breathing.))


Message History

The gnoll hits you with a club.
You hit the worker ant.
The worker ant is poisoned.
The worker ant is lightly wounded.
You feel sick. The worker ant bites you.
* * * LOW HITPOINT WARNING * * *
You are more poisoned.
The worker ant poisons you! The gnoll hits you with a club!
* * * LOW HITPOINT WARNING * * *
The worker ant misses you. The gnoll barely misses you.
The worker ant closely misses you.
It was a potion of lignification.
You turn into a tree.
Your +0 helmet melds into your body.
Your +0 pair of gloves melds into your body.
Your +0 pair of boots melds into your body.
Your +0 robe melds into your body.
Your roots penetrate the ground.
* * * LOW HITPOINT WARNING * * *
You feel sick. The worker ant bites you.
* * * LOW HITPOINT WARNING * * *
The gnoll hits you with a club.
You die...

..<.....#≈W.♣..≈#.#
..................#
#.........♣._.♣...#
###..........r.r.##
###...#≈..♣..≈##
#####≈≈...≈≈#
###..)#####
##.#....# #....♣.#
###.ga.# #....##
#..)..# #....[#
#.....# ##....#
#..)## #.).#


You could see a worker ant and a gnoll.

Vanquished Creatures
  Sigmund (D:3)
  Eustachio (D:4)
  2 phantoms (D:4)
  Jessica (D:2)
  An orc wizard (D:4)
  A worker ant (D:3)
  6 gnolls
  4 adders
  3 dart slugs
  A leopard gecko (D:3)
  7 orcs
  10 bats
  2 giant cockroaches
  8 goblins
  9 hobgoblins
  3 jackals
  6 kobolds
  2 ball pythons
  2 frilled lizards
  7 rats
77 creatures vanquished.

Vanquished Creatures (collateral kills)
  A jackal (D:2)
  A kobold (D:2)
  A ball python (D:2)
3 creatures vanquished.

Vanquished Creatures (others)
  A quokka (D:4)
1 creature vanquished.

Grand Total: 81 creatures vanquished

Notes
Turn   | Place    | Note
-------+----------+-------------------------------------------
     0 | D:1      | kosy22 the Vampire Necromancer began the quest for the Orb.
     0 | D:1      | Reached XP level 1. HP: 13/13 MP: 3/3
   208 | D:1      | Reached XP level 2. HP: 12/19 MP: 1/5
   541 | D:1      | Reached skill level 5 in Necromancy
   765 | D:1      | Learned a level 1 spell: Animate Skeleton
   815 | D:1      | Reached XP level 3. HP: 24/24 MP: 6/6
  1239 | D:2      | Noticed Jessica
  1246 | D:2      | Killed Jessica
  1332 | D:2      | Reached XP level 4. HP: 27/30 MP: 7/7
  1337 | D:2      | Learned a level 3 spell: Vampiric Draining
  1341 | D:2      | Learned a level 3 spell: Regeneration
  1463 | D:2      | Found a blossoming altar of Fedhas.
  2216 | D:2      | Found a deep blue altar of Sif Muna.
  2224 | D:2      | Became a worshipper of Sif Muna the Loreminder
  2502 | D:3      | Noticed Sigmund
  2513 | D:3      | Killed Sigmund
  2513 | D:3      | Reached skill level 1 in Fighting
  2513 | D:3      | Reached skill level 1 in Maces & Flails
  2513 | D:3      | Reached XP level 5. HP: 29/37 MP: 4/9
  2513 | D:3      | Reached XP level 6. HP: 34/43 MP: 4/10
  3290 | D:3      | Reached skill level 1 in Polearms
  3605 | D:4      | Noticed Eustachio
  3633 | D:4      | Killed Eustachio
  3876 | D:4      | Reached XP level 7. HP: 51/51 MP: 11/11
  3923 | D:4      | Found a white marble altar of Elyvilon.
  3969 | D:4      | Got a crude scale mail
  3970 | D:4      | Identified the cursed +0 scale mail of Jarinewi {rPois rN++ rCorr Str-5} (You found it on level 4 of the Dungeon)
  4206 | D:4      | HP: 2/51 [poisoned by a worker ant]
  4209 | D:4      | Slain by a gnoll

Skill      XL: |  1  2  3  4  5  6  7 |
---------------+----------------------+-----
Necromancy     | 5 |  5.6
Dodging        | 3 4 |  4.6
Fighting       | 1 2 |  2.5
Maces & Flails | 1 |  1.5
Stealth        | 4 |  4.7
Polearms       | 2 3 |  3.2
Throwing       | |  0.4
Unarmed Combat | |  0.2
Spellcasting   | |  2.9

Action                   |  1- 3 |  4- 6 |  7- 9 || total
-------------------------+-------+-------+-------++-------
Melee: Unarmed           |    13 |       |       ||    13
       Whip              |    34 |    47 |       ||    81
       Bite              |     4 |    10 |     4 ||    18
       Scythe            |       |    57 |    39 ||    96
 Fire: Blowgun           |       |     4 |       ||     4
 Cast: Pain              |    30 |     3 |     1 ||    34
       Animate Skeleton  |     1 |     2 |       ||     3
       Vampiric Draining |       |     1 |       ||     1
       Regeneration      |       |     1 |       ||     1
  Use: Potion            |     4 |    15 |     2 ||    21
       Scroll            |     1 |     1 |     1 ||     3
 Stab: Sleeping          |     1 |     4 |       ||     5
       Distracted        |       |     1 |       ||     1
Armor: Robe              |    23 |    55 |     9 ||    87
Dodge: Dodged            |    61 |   208 |    53 ||   322
